 Dungeon Crawl Stone Soup version 0.25-a0-589-g1e14c549ee (webtiles) character file.

Game seed: 11822612001292589655, levelgen mode: deterministic

44 Kohma the Ducker (level 3, -14/28 HPs)
             Began as a Demonspawn Gladiator on Mar 11, 2020.
             Demolished by Crazy Yiuf
             ... wielding a +2 quarterstaff of chaos
              (16 damage)
             ... on level 2 of the Dungeon.
             The game lasted 00:04:04 (1003 turns).

Kohma the Ducker (Demonspawn Gladiator)             Turns: 1003, Time: 00:04:04

Health: -14/28     AC:  4    Str: 14    XL:     3   Next: 39%
Magic:  3/3        EV: 13    Int: 10    God:
Gold:   44         SH:  0    Dex: 14    Spells: 2/2 levels left

rFire    . . .     SeeInvis .   a - +0 trident
rCold    . . .     Gourm    .   (no shield)
rNeg     . . .     Faith    .   b - +0 leather armour
rPois    .         Spirit   .   c - +0 helmet
rElec    .         Reflect  .   (no cloak)
rCorr    .         Harm     .   (no gloves)
MR       .....                  (no boots)
Stlth    ++........             (no amulet)
HPRegen  0.09/turn              (no ring)
MPRegen  0.08/turn              (no ring)

@: no status effects
A: claws 1, nightstalker 1
a: no special abilities


You were on level 2 of the Dungeon.
You were hungry.

You visited 1 branch of the dungeon, and saw 2 of its levels.

You collected 44 gold pieces.

Inventory:

Hand Weapons
 a - a +0 trident (weapon)
Missiles
 d - 3 throwing nets (quivered)
 g - 28 bolts
Armour
 b - a +0 leather armour (worn)
 c - a +0 helmet (worn)
 j - a +0 pair of gloves
Scrolls
 h - a scroll of remove curse {unknown}
 i - a scroll of magic mapping {unknown}
 l - 2 scrolls of identify {unknown}
Potions
 e - 3 potions of curing {unknown}
 k - a potion of magic {unknown}
Comestibles
 f - 2 rations
 m - a chunk of flesh


   Skills:
 + Level 2.5 Fighting
 - Level 3.0 Polearms
 - Level 1.7 Throwing
 + Level 3.3 Dodging
 * Level 0.6 Unarmed Combat


You had 2 spell levels left.
You didn't know any spells.
Your spell library was empty.

Dungeon Overview and Level Annotations

Branches:
Dungeon (2/15)

Altars:

Annotations:
D:2 Crazy Yiuf


Innate Abilities, Weirdness & Mutations

You have sharp fingernails.
You are slightly more attuned to the shadows.


Message History

Crazy Yiuf freezes you.
You hit Crazy Yiuf but do no damage.
Crazy Yiuf is moderately wounded.
You are feeling hungry.
Crazy Yiuf closely misses you.
You hit Crazy Yiuf but do no damage.
Crazy Yiuf is moderately wounded.
Crazy Yiuf hits you with a +2 quarterstaff of chaos.
Crazy Yiuf freezes you.
You are too injured to fight recklessly!
You are too injured to fight recklessly!
You are too injured to fight recklessly!
You are too injured to fight recklessly!
You hit Crazy Yiuf but do no damage.
Crazy Yiuf is moderately wounded.
Crazy Yiuf hits you with a +2 quarterstaff of chaos!
* * * LOW HITPOINT WARNING * * *
You convulse!
Ouch! That really hurt!
You die...

#>..# ###.## #..#
##.# #.#
#######.## ####
###.#..#...#
#...##..#.......#
#..g@.####......#
#)..### ##.#..##
#### ######


You could see Crazy Yiuf.

Vanquished Creatures
  2 oozes (D:1)
  2 worms (D:2)
  A dart slug (D:2)
  5 bats (D:1)
  2 giant cockroaches (D:1)
  4 hobgoblins (D:1)
  2 frilled lizards (D:1)
  2 goblins (D:1)
  7 kobolds (D:1)
  2 rats
29 creatures vanquished.

Notes
Turn   | Place    | Note
-------+----------+-------------------------------------------
     0 | D:1      | Kohma the Demonspawn Gladiator began the quest for the Orb.
     0 | D:1      | Reached XP level 1. HP: 16/16 MP: 1/1
    46 | D:1      | Gained mutation: You are slightly more attuned to the
                  | shadows. [demonic ancestry]
    46 | D:1      | Reached XP level 2. HP: 19/22 MP: 2/2
   352 | D:1      | Gained mutation: You have sharp fingernails. [demonic
                  | ancestry]
   352 | D:1      | Reached XP level 3. HP: 20/28 MP: 3/3
   993 | D:2      | Found a runed translucent door.
   994 | D:2      | Noticed Crazy Yiuf
  1003 | D:2      | Demolished by Crazy Yiuf

Levels and vault maps discovered:
D:1:      dpeg_arrival_round_c, layout_rooms
D:2:      layout_basic, serial_curves, eino_curves_04, eino_curves_04,
          uniq_crazy_yiuf_cottage

Skill      XL: |  1 |
---------------+----+-----
Polearms       | 3 |  3.0
Dodging        | 3 |  3.3
Fighting       | |  2.5
Throwing       | |  1.7
Unarmed Combat | |  0.6

Action                   || total
-------------------------++-------
Melee: Trident           ||   104
       Unarmed           ||    17
 Stab: Sleeping          ||     4
Armor: Leather armour    ||    32
Dodge: Dodged            ||    72

Table legend:
 A = Non-vault XP
 B = Vault XP
 C = Vault XP percentage of total XP
 D = Non-vault monster count
 E = Vault monster count
 F = Vault count percentage of total count
                 A         B        C        D         E       F
            +---------+---------+-------+---------+---------+-------
      Total |      63 |       0 |   0.0 |      29 |       0 |   0.0
            +---------+---------+-------+---------+---------+-------
        D:1 |      48 |       0 |   0.0 |      25 |       0 |   0.0
        D:2 |      15 |       0 |   0.0 |       4 |       0 |   0.0
            +---------+---------+-------+---------+---------+-------
